← All builds
Geo / Armada / Economy first / OBSERVED BUILD

Standard geo

Eco-first Geo build that rushes geothermal power and T2 constructor before transitioning into Starlight-led T2 units for front, the role's baseline play.

Usually blows up the commander for T2 (67%)

#eco #t2 · 749 distinct matches · 110 players · 59% of Armada Geo games · team won 54% of 843 · Recently observed

HOW TO PLAY IT

Key timing: Geothermal Powerplant by 3:26

  1. Open mex and wind into Bot Lab.
  2. Rush geothermal for the early energy spike.
  3. Add Advanced Metal Extractor, then Advanced Geothermal by 7:07.
  4. Bring up Vehicle Plant alongside T2 con for "Starlight" and vehicles.
  5. Funnel "Starlight" and T1 vehicles to front, pay allies with cons and "Lazarus".

Phase by phase

TYPICAL OF ITS 749 GAMES
  1. 1
  2. 2
  3. 3
  4. 4
PLAY THE OPENING

Follow the example game's first 6:00 step by step: what to build now, what comes next, and where it goes. At 1× it keeps pace with your own game.

  1. 1

    Up to the Bot Lab

    Economy
    • Metal Extractor2Mex
    • Wind Turbine4Wind
    Order
    1. Bot LabBot Lab after 2 mex, 4 winddone ~1:11, middle half 0:58–1:22

    By 0:55 in all: 2 mex · 4 wind

    The example game in this phase · 4 steps
    1. Mex ×2
    2. Wind
    3. Mex
    4. Bot LabBot Labdone 1:09 · typical 1:11
  2. 2

    Bot Lab to 5:00

    Economy
    • Metal Extractor2Mex
    • Wind Turbine3Wind
    • Energy Converter8Converter
    • Energy Storage1Energy storage
    Order
    1. Geothermal PowerplantGeo after 4 mex, 5 wind, 1 energy storage
    Builders
    • Construction Turret5 Con turret
    • Lazarus4 Lazarus
    • Construction Bot2 Con bot
    • Construction Bot1 Con bot for allies
    • Lazarus1 Lazarus for allies

    By 5:00 in all: 4 mex · 7 wind · 1 geo · 8 converter · 1 energy storage · 5 con turret

    The example game in this phase · 25 steps
    1. Solar
    2. Construction BotCon botfor Beach sea
    3. Wind ×2
    4. LazarusLazarus
    5. Wind ×2
    6. Construction BotCon bot
    7. Wind
    8. Mex
    9. Wind
    10. Energy storage
    11. LazarusLazarusfor Beach sea
    12. Geothermal PowerplantGeodone 3:14 · typical 3:26
    13. Construction BotCon bot
    14. LazarusLazarus ×2
    15. Con turret ×3
    16. Energy storage
    17. Con turret
    18. Converter ×3
    19. Con turret
    20. Converter ×2
    21. Con turret
    22. Converter ×3
    23. Advanced Metal ExtractorT2 mexdone 5:14 · typical 5:33
    24. Radar TowerRadar Tower
    25. Converter
  3. 3

    5:00 to Vehicle Plant

    Order
    1. Advanced Geothermal PowerplantAdvanced Geothermal Powerplant after 8 wind, 10 converter, 6 con turretin 59% of games
    2. Vehicle PlantVehicle Plant after 10 wind, 10 converter, 6 con turretdone ~7:07, middle half 6:41–7:40
    Builders
    • Construction Turret1 Con turret

    Some games also: converter (49%) · wind (48%)

    By 6:59 in all: 4 mex · 10 wind · 1 geo · 1 Advanced Geothermal Powerplant · 10 converter · 1 energy storage

    The example game in this phase · 2 steps
    1. Advanced Metal ExtractorT2 mex
    2. Vehicle PlantVehicle Plantdone 5:38 · typical 7:07
  4. 4

    Vehicle Plant to 10:00

    Economy
    • Wind Turbine5Wind
    • Energy Converter3Converter
    Order
    1. Advanced Vehicle PlantAdvanced Vehicle Plant after 11 wind, 11 converter, 7 con turret
    Builders
    • Construction Vehicle1 Con vehicle
    Army
    • Starlight2 Starlight
    • Umbra1 Jammer
    • Prophet1 Radar vehicle

    Some games also: con turret (50%) · T2 con vehicle for allies (48%) · Jaguar (31%)

    By 10:00 in all: 4 mex · 20 wind · 1 geo · 1 Advanced Geothermal Powerplant · 16 converter · 1 energy storage

    The example game in this phase · 97 steps
    1. Advanced Metal ExtractorT2 mex
    2. Construction VehicleCon vehicle
    3. Advanced Geothermal PowerplantAdvanced Geothermal Powerplantdone 6:40 · typical 7:06
    4. GroundhogGroundhog
    5. Advanced Metal ExtractorT2 mex
    6. BeholderBeholder
    7. Advanced Vehicle PlantAdvanced Vehicle Plantdone 7:17 · typical 8:07
    8. UmbraJammer
    9. ProphetRadar vehicle
    10. Con turret
    11. StarlightStarlightdone 7:54 · typical 9:02
    12. Con turret
    13. StarlightStarlight
    14. Energy storage
    15. Advanced Construction VehicleT2 con vehiclefor Suicide front
    16. Converter
    17. StarlightStarlight
    18. Converter
    19. Con turret
    20. Converter
    21. ShredderShredderdone 9:11
    22. Converter
    23. ShredderShredder
    24. Wind
    25. Converter
    26. StarlightStarlight
    27. Wind ×4
    28. StarlightStarlight
    29. Wind
    30. Converter ×2
    31. Wind ×2
    32. JaguarJaguar
    33. Con turret
    34. Wind ×2
    35. JaguarJaguar
    36. Wind
    37. JaguarJaguar
    38. Converter
    39. Wind
    40. JaguarJaguar
    41. Wind
    42. JaguarJaguar
    43. Wind
    44. JaguarJaguar
    45. Wind ×2
    46. JaguarJaguar
    47. Wind
    48. JaguarJaguar
    49. Converter
    50. Con turret
    51. JaguarJaguar
    52. Converter
    53. JaguarJaguar
    54. Wind
    55. ConsulConsul
    56. Con turret
    57. Wind ×2
    58. StarlightStarlight
    59. Wind ×8
    60. StarlightStarlight
    61. Wind
    62. Converter ×2
    63. Wind ×2
    64. Converter
    65. Wind
    66. Converter
    67. Wind
    68. ShredderShredder
    69. Wind ×5
    70. ShredderShredder
    71. Wind ×3
    72. Converter
    73. Wind
    74. JaguarJaguar
    75. Converter ×2
    76. JaguarJaguar
    77. Wind
    78. ChainsawChainsaw
    79. Wind
    80. Converter
    81. StarlightStarlight
    82. Wind ×3
    83. JaguarJaguar
    84. Wind ×3
    85. Advanced Construction VehicleT2 con vehicle
    86. Wind ×5
    87. ConsulConsul
    88. Wind
    89. Converter
    90. JaguarJaguar
    91. Converter
    92. JaguarJaguar
    93. Converter ×2
    94. JaguarJaguar
    95. Wind ×2
    96. JaguarJaguar
    97. Wind

Counts are medians over the build's games: half of them build more, half fewer. The example game is Tregan's (37 OS, 19/09/2026); pick another.

Team trades

IN AT LEAST 30% OF ITS GAMES

You hand over

  • Lazarus1 Lazarus to Beach seafirst at 2:16 · in 77% of games
  • Construction Bot1 Con bot to Beach seafirst at 2:30 · in 88% of games
  • Advanced Construction Vehicle1 T2 con vehicle to Suicide front or Frontfirst at 8:52 · in 62% of games

You get

  • Hercules1 Light transport from Airfirst at 4:19 · in 34% of games
  • Advanced Construction Bot1 T2 con bot from Techfirst at 4:48 · in 95% of games

How it plays out

Typical game of this build, running totals by minute

Metal produced

020k40k
0:005:0010:0015:00

metal

Enemy metal destroyed

05k10k15k
0:005:0010:0015:00

metal

Own metal lost

02.5k5k7.5k
0:005:0010:0015:00

metal

843 games.

Show as table
ByMetal produced: This buildEnemy metal destroyed: This buildOwn metal lost: This build
1:0033300
2:0082700
3:00152800
4:00270700
5:00373200
6:00572700
7:00816600
8:0011505021
9:001453251130
10:0017435630320
11:00204162108831
12:002336940291940
13:002613961873295
14:002902585104756
15:0031663103966186
WHAT THE NUMBERS SAY

Standard Geo build dominates the resource numbers, with zero own losses through 10:00 and a huge metal lead by 15:00.

  • + Metal produced hits 31426 by 15:00, highest of all six builds
  • + Own metal lost is 0 by 5:00 and only 334 by 10:00
  • − First Starlight only arrives in 57% of games by 9:19
  • − Advanced geothermal lands in just 69% of games by 7:16
THE EXAMPLE YOU ARE READING

Tregan

37.4 OS · 19/09/2026

Open source match ↗

1 received units · includes a constructor
4219 metal received · 215699 energy received

Allied construction assistance is unknown. Timings are observations, not a promise of solo reproducibility.

Typical milestones

Bot Lab1:11Middle 50%: 0:58–1:22 · n=842
Geothermal Powerplant3:26Middle 50%: 3:10–3:42 · n=841
Advanced Metal Extractor5:33Middle 50%: 5:17–5:56 · n=840
Advanced Geothermal Powerplant7:06Middle 50%: 6:49–7:33 · n=604
Vehicle Plant7:07Middle 50%: 6:41–7:40 · n=803
Advanced Vehicle Plant8:07Middle 50%: 7:40–8:47 · n=765
Starlight9:02Middle 50%: 8:32–9:52 · n=669

Played most by

0neTw086games of this buildzeus_on_god86games of this buildViltrum54games of this buildDamsko44games of this buildXad42games of this build